 Dungeon Crawl Stone Soup version 0.24.0-125-gc4c63601f3 (webtiles) character file.

Game seed: 16550474160048243235, levelgen mode: deterministic

165 Findor the Cudgeler (level 5, -8/30 HPs)
             Began as a Gargoyle Gladiator on Mar 18, 2020.
             Shot with an arrow by a centaur (12 damage)
             ... on level 5 of the Dungeon.
             The game lasted 00:06:01 (2678 turns).

Findor the Cudgeler (Gargoyle Gladiator)            Turns: 2678, Time: 00:06:01

Health: -8/30      AC: 10    Str: 17 (19) XL:     5   Next: 46%
Magic:  5/5        EV: 11    Int:  8      God:
Gold:   144        SH:  3    Dex: 11      Spells: 4/4 levels left

rFire    . . .     SeeInvis .   a - +0 flail
rCold    . . .     Gourm    .   u - +0 buckler
rNeg     + . .     Faith    .   y - +0 ring mail
rPois    ∞         Spirit   .   c - +0 helmet
rElec    +         Reflect  .   (no cloak)
rCorr    .         Harm     .   (no gloves)
MR       .....                  (no boots)
Stlth    +.........             (no amulet)
HPRegen  0.10/turn              (no ring)
MPRegen  0.09/turn              (no ring)

@: about to teleport
A: negative energy resistance 1, electricity resistance, unbreathing,
petrification resistance, rot immunity, AC +4
a: no special abilities


You were on level 5 of the Dungeon.
You were not hungry.

You visited 1 branch of the dungeon, and saw 4 of its levels.

You collected 144 gold pieces.


Innate Abilities, Weirdness & Mutations

You are resistant to torment.
Your stone body is resilient. (AC +4)
You are immune to poison.
You resist negative energy. (rN+)
You are resistant to electric shocks. (rElec)
You can survive without breathing.
You are immune to petrification.
You are immune to rotting.


   Skills:
 - Level 2.1 Fighting
 * Level 5.7 Maces & Flails
 - Level 1.7 Throwing
 - Level 2.4 Dodging
 + Level 1.3 Shields


You had 4 spell levels left.
You didn't know any spells.
Your spell library contained the following spells:

 Spells                   Type           Power        Failure   Level  Hunger
 Corona                   Hex            #......      75%         1    ##.....
 Ensorcelled Hibernation  Hex/Ice        #.....       86%         2    ###....
 Confuse                  Hex            #.......     98%         3    ####...
 Dazzling Spray           Conj/Hex       #.....       98%         3    ####...
 Tukima's Dance           Hex            #.......     98%         3    ####...

Inventory:

Hand Weapons
 a - a +0 flail (weapon)
Missiles
 d - 4 throwing nets (quivered) {!f}
 n - 5 silver boomerangs
 o - 4 javelins
Armour
 b - a +0 leather armour
 c - a +0 helmet (worn)
 q - a +0 helmet
   (You took it off Robin on level 2 of the Dungeon)
 u - a +0 buckler (worn)
   (You found it on level 3 of the Dungeon)
 y - a +0 ring mail (worn)
   (You took it off an orc on level 3 of the Dungeon)
Jewellery
 w - an uncursed ring of stealth
   (You found it on level 2 of the Dungeon)
Scrolls
 e - 2 scrolls of enchant weapon {unknown}
 h - a scroll of immolation {unknown}
 i - 2 scrolls of enchant armour {unknown}
 k - 5 scrolls of identify {@r1}
 s - a scroll of teleportation {@r4}
 A - a scroll of magic mapping {unknown}
Potions
 g - a potion of haste {unknown}
 j - a potion of invisibility
 l - 2 potions of brilliance
 m - a potion of degeneration {!q}
 p - a potion of magic {unknown}
 r - a potion of curing {@q1}
 t - a potion of cancellation {unknown}
 v - a potion of flight {unknown}
 x - a potion of agility {unknown}
Comestibles
 f - 9 rations
 z - a chunk of flesh


Message History

You see here 2 arrows.
The centaur shoots an arrow.
The arrow hits you!
You see here an arrow.
The centaur shoots an arrow.
The arrow closely misses you.
You see here an arrow.
The centaur unwields a +0 shortbow.
The centaur hits you but does no damage. x2
Items here: (( ) [ an arrow; a +0 hand axe; 5 boomerangs; a +0 ring mail You completely miss the centaur.
The centaur barely misses you. The centaur hits you.
* * * LOW HITPOINT WARNING * * *
You are too injured to fight recklessly!
You are too injured to fight recklessly!
You are too injured to fight recklessly!
You are too injured to fight recklessly!
You are too injured to fight recklessly!
You are too injured to fight recklessly!
You are too injured to fight recklessly!
You are too injured to fight recklessly!
You are too injured to fight recklessly!
You are too injured to fight recklessly!
You are too injured to fight recklessly!
It was a potion of curing.
You feel better. The centaur barely misses you.
You hit the centaur.
The centaur hits you but does no damage.
Pikel the Slaver comes into view.
He is wielding a +1 whip of freezing.
The centaur hits you.
You hit the centaur.
The centaur hits you but does no damage.
You hit the centaur. The centaur closely misses you. The centaur hits you.
* * * LOW HITPOINT WARNING * * *
You hit the centaur but do no damage. The centaur barely misses you.
The centaur hits you but does no damage.
You closely miss the centaur. The centaur closely misses you.
As you read the scroll labeled IJYRHAR XIEH, it crumbles to dust.
It is a scroll of identify.
w - an uncursed ring of stealth The centaur closely misses you.
A slave comes into view.
The centaur hits you but does no damage.
As you read the scroll labeled RAOPEPHOYRUT, it crumbles to dust.
You feel strangely unstable.
It was a scroll of teleportation.
The centaur hits you but does no damage.
A slave comes into view. x2
The centaur wields a +0 shortbow.
The centaur shoots an arrow.
The arrow hits you!
* * * LOW HITPOINT WARNING * * *
The centaur shoots an arrow.
The arrow hits you!
You die... #.## .. pp.

#.. p.## ..? ..#
##.# #.# ...
#.###.# #..#..#
#####.c)######.#
.......K(@((....#
######..#########
####


You could see Pikel and a centaur.

Vanquished Creatures
  Jessica (D:2)
  Robin (D:2)
  3 adders
  3 gnolls
  An ooze (D:1)
  8 orcs
  6 bats
  7 hobgoblins
  2 quokkas (D:3)
  A ball python (D:2)
  16 goblins
  8 kobolds
  7 rats
64 creatures vanquished.

Vanquished Creatures (others)
  A leopard gecko (D:2)
1 creature vanquished.

Grand Total: 65 creatures vanquished

Notes
Turn   | Place    | Note
-------+----------+-------------------------------------------
     0 | D:1      | Findor the Gargoyle Gladiator began the quest for the Orb.
     0 | D:1      | Reached XP level 1. HP: 12/12 MP: 1/1
    63 | D:1      | Reached XP level 2. HP: 13/17 MP: 2/2
  1131 | D:2      | Reached skill level 4 in Maces & Flails
  1137 | D:2      | Reached XP level 3. HP: 13/21 MP: 3/3
  1306 | D:2      | Noticed Robin
  1336 | D:2      | Killed Robin
  1448 | D:2      | Reached XP level 4. HP: 18/26 MP: 4/4
  1612 | D:2      | Noticed Jessica
  1620 | D:2      | Killed Jessica
  1620 | D:2      | Reached skill level 5 in Maces & Flails
  1938 | D:2      | HP: 5/26 [gnoll/+0 club (5)]
  2261 | D:3      | Reached XP level 5. HP: 25/30 MP: 5/5
  2327 | D:3      | Reached skill level 1 in Shields
  2598 | D:5      | Entered Level 5 of the Dungeon
  2660 | D:5      | Noticed a centaur
  2671 | D:5      | Noticed Pikel
  2676 | D:5      | Noticed a slave
  2677 | D:5      | Noticed a slave
  2677 | D:5      | Noticed a slave
  2678 | D:5      | HP: 4/30 [centaur/arrow (7)]
  2678 | D:5      | Shot with an arrow by a centaur

Levels and vault maps discovered:
D:1:      eino_arrival_cavern_c, layout_loops_ring
D:2:      layout_basic, first_ration, uniq_robin, uniq_jessica
D:3:      layout_rooms, gup_sewer_entry_glass
D:5:      layout_rooms, enter_ossuary_5, dk_vineyard_3, uniq_pikel,
          uniq_blork_the_orc, uniq_duvessa

Action                   |  1- 3 |  4- 6 || total
-------------------------+-------+-------++-------
Melee: Flail             |   106 |   122 ||   228
  Use: Potion            |     3 |     1 ||     4
       Scroll            |       |     2 ||     2
  Eat: Chunk             |     2 |     4 ||     6
Armor: Leather armour    |    38 |    44 ||    82
       Ring mail         |       |    10 ||    10
Dodge: Dodged            |    79 |    84 ||   163
Block: Buckler           |       |     6 ||     6
